 Dungeon Crawl Stone Soup version 0.21.1-1-g345015fe64 (webtiles) character file.

182 GreedyOne the Slasher (level 5, 0/41 HPs)
             Began as a Formicid Fighter on June 14, 2018.
             Slain by an ogre
             ... wielding a +0 giant spiked club
              (11 damage)
             ... on level 4 of the Dungeon.
             The game lasted 00:05:25 (3017 turns).

GreedyOne the Slasher (Formicid Fighter)            Turns: 3017, Time: 00:05:26

Health: 0/41       AC:  5    Str: 26    XL:     5   Next: 93%
Magic:  5/5        EV:  9    Int: 12    God:
Gold:   202        SH: 10    Dex: 10    Spells: 4/4 levels left

rFire    . . .     SeeInvis +   a - +0 long sword
rCold    . . .     Gourm    .   c - +0 shield
rNeg     . . .     Faith    +   y - +2 leather armour of the Land of Plenty {rPois Int+4}
rPois    +         Spirit   .   (helmet unavailable)
rElec    .         Reflect  .   (no cloak)
rCorr    .         Harm     .   (no gloves)
MR       .....                  (no boots)
Stlth    +.........             e - amulet of faith
HPRegen  0.13/turn              (no ring)
MPRegen  0.09/turn              (no ring)

@: mighty
A: permanent stasis, dig shafts and tunnels, four strong arms, antennae 3
a: Dig, Shaft Self


You were on level 4 of the Dungeon.
You were not hungry.

You visited 1 branch of the dungeon, and saw 4 of its levels.

You collected 202 gold pieces.

Inventory:

Hand Weapons
 a - a +0 long sword (weapon)
Armour
 b - a +0 scale mail
 c - a +0 shield (worn)
 y - the +2 leather armour of the Land of Plenty (worn) {rPois Int+4}
   (You found it on level 4 of the Dungeon)

   It affects your intelligence (+4).
   It protects you from poison.
Jewellery
 e - an amulet of faith (around neck)
 k - a cursed -3 ring of dexterity {unknown}
Scrolls
 g - 2 scrolls of amnesia {unknown}
 j - a scroll of magic mapping {unknown}
 l - a scroll of blinking {unknown}
 m - 2 scrolls of fog {unknown}
 n - a scroll of fear {unknown}
 o - 5 scrolls of identify {unknown}
 p - a scroll of immolation {unknown}
 u - 5 scrolls of teleportation {unknown}
 x - a scroll of enchant armour {unknown}
Potions
 h - a potion of cancellation {unknown}
 i - 2 potions of berserk rage {unknown}
 q - a potion of ambrosia {unknown}
 r - a potion of magic {unknown}
 s - a potion of agility {unknown}
 t - 2 potions of flight {unknown}
 v - a potion of resistance {unknown}
 w - a potion of curing {unknown}
 z - a potion of degeneration {unknown}
 A - a potion of lignification {unknown}
Comestibles
 f - 4 rations


   Skills:
 - Level 3.4 Fighting
 + Level 5.4 Long Blades
 - Level 3.4 Armour
 - Level 0.1 Dodging
 - Level 3.6 Shields


You had 4 spell levels left.
You didn't know any spells.

Dungeon Overview and Level Annotations

Branches:
Dungeon (4/15)
 Temple: D:4-7

Altars:
Ashenzari
Yredelemnul
The Shining One


Innate Abilities, Weirdness & Mutations

You cannot be hasted, slowed, berserked, paralysed or teleported.
You can dig through walls and to a lower floor.
Your four strong arms can wield two-handed weapons with a shield.
You have a pair of large antennae on your head. (SInv)


Message History

The ogre closely misses you.
Your shield and leather armour of the Land of Plenty prevent you from hitting the ogre.
The ogre is heavily wounded.
The ogre hits you with a giant spiked club!!
Ouch! That really hurt!
You are too injured to fight recklessly!
You are too injured to fight recklessly!
You are too injured to fight recklessly!
You are too injured to fight recklessly!
You barely miss the ogre.
The ogre is moderately wounded.
The ogre completely misses you.
You feel very mighty all of a sudden.
The ogre hits you with a giant spiked club!
* * * LOW HITPOINT WARNING * * *
You barely miss the ogre. You slash the ogre!
The ogre is heavily wounded.
The ogre hits you with a giant spiked club!
You die...

#........# #.
####... #. ##.....
#. .....# #######.
#.(.# ........
..#...# ........
#.#...# #######.
#.#.#.# #. ##
#.#@#.# #. #.
#[#O#.# #. #.
#.#.#.#####.# #.
#.#.........### #.
#...###############.
########.# ##.......
.........# ##.######
########†# #.# #.#
#.#


You could see an ogre.

Vanquished Creatures
  A scorpion (D:4)
  A hound (D:4)
  2 adders (D:2)
  An adder skeleton (D:4)
  A worm (D:3)
  2 dart slugs
  3 leopard geckos (D:1)
  4 orcs (D:3)
  2 giant cockroaches
  7 goblins
  7 hobgoblins
  6 jackals
  6 kobolds
  4 quokkas
  8 bats
  2 frilled lizards (D:2)
  9 rats
66 creatures vanquished.

Notes
Turn   | Place    | Note
-------+----------+-------------------------------------------
     0 | D:1      | GreedyOne the Formicid Fighter began the quest for the Orb.
     0 | D:1      | Reached XP level 1. HP: 18/18 MP: 1/1
   150 | D:1      | Reached XP level 2. HP: 20/24 MP: 2/2
   456 | D:1      | Reached XP level 3. HP: 28/29 MP: 3/3
   520 | D:1      | Reached skill level 3 in Long Blades
   863 | D:2      | Found a shattered altar of Ashenzari.
  1325 | D:2      | Reached XP level 4. HP: 35/35 MP: 4/4
  1457 | D:2      | Reached skill level 4 in Long Blades
  2168 | D:3      | Reached XP level 5. HP: 38/41 MP: 5/5
  2632 | D:4      | Got a steaming leather armour
  2643 | D:4      | Identified the +2 leather armour of the Land of Plenty {rPois Int+4} (You found it on level 4 of the Dungeon)
  2673 | D:4      | Found a glowing golden altar of the Shining One.
  2686 | D:4      | Found a basalt altar of Yredelemnul.
  2921 | D:4      | Reached skill level 5 in Long Blades
  2930 | D:4      | Noticed an ogre
  3017 | D:4      | Slain by an ogre

Skill      XL: |  1  2  3  4  5 |
---------------+----------------+-----
Long Blades    | 3 4 5 |  5.4
Fighting       | |  3.4
Armour         | |  3.4
Dodging        | |  0.1
Shields        | |  3.6

Action                   |  1- 3 |  4- 6 || total
-------------------------+-------+-------++-------
Melee: Long sword        |    88 |   117 ||   205
  Use: Potion            |       |     1 ||     1
  Eat: Chunk             |       |     4 ||     4
       Ration            |       |     1 ||     1
Armor: Scale mail        |    31 |    37 ||    68
       Leather armour    |       |     6 ||     6
Dodge: Dodged            |    34 |    34 ||    68
Block: Shield            |    42 |    68 ||   110
       Rpst.: Long sword |     8 |    12 ||    20
